Map: Dusk Towers

Players

uThermal

  • Race: Terran Terran
  • League: Grandmaster

HyuN - Winner!

  • Race: Zerg Zerg
  • League: Platinum

Event: Homestory Cup XII

VOD

Have the link to the VOD?

Description

Time

  • Played on: Dec. 18, 2015, 10:48 a.m.
  • Length: 12:37

All games in this series

Show
View Real Time Build Order
Export as new Build Order

uThermal Terran 

Build Orders: Bio Tank 

Get SALT Encoding   

  12  0:01  SCV  
  13  0:13  SCV  
  14  0:17  Supply Depot  
  14  0:25  SCV  
  15  0:39  SCV  
  15  0:41  Barracks  
  16  0:44  Refinery  
  16  0:51  SCV  
  17  1:03  SCV  
  18  1:15  SCV  
  19  1:28  Orbital Command  
  19  1:30  Barracks Reactor  
  19  1:39  Command Center  
  19  1:49  Supply Depot  
  19  1:54  SCV  
  20  2:06  SCV, Reaper x2  
  23  2:18  SCV  
  24  2:25  Command Center  
  24  2:30  SCV  
  25  2:38  Marine x2  
  27  2:44  SCV  
  27  2:45  Factory  
  28  2:51  Orbital Command  
  28  2:58  Marine x2  
  30  3:00  SCV  
  31  3:06  Refinery  
  31  3:08  Refinery  
  31  3:12  SCV  
  32  3:18  SCV  
  35  3:26  SCV  
  34  3:30  SCV  
  34  3:32  Starport  
  33  3:38  SCV, Barracks Reactor, Orbital Command  
  34  3:42  SCV  
  34  3:43  Hellion  
  34  3:47  Hellion  
  39  3:50  SCV  
  39  3:54  SCV  
  41  4:02  SCV, Liberator x2  
  41  4:07  SCV, Hellion  
  41  4:08  Hellion  
  47  4:10  Orbital Command  
  47  4:14  Supply Depot  
  47  4:23  Supply Depot  
  53  4:26  SCV x2  
  53  4:30  Hellion  
  57  4:33  Hellion  
  57  4:46  SCV  
  57  4:50  SCV, Liberator  
  57  4:51  SCV, Liberator  
  60  4:53  Armory  
  60  4:54  Hellion x2  
  60  4:56  Barracks Tech Lab  
  60  4:58  SCV  
  65  5:03  SCV x2  
  71  5:17  Marine  
  71  5:20  Supply Depot  
  72  5:21  Supply Depot  
  72  5:22  Factory Tech Lab, SCV x3  
  73  5:28  Stimpack  
  73  5:34  SCV x2  
  73  5:35  SCV  
  76  5:42  Siege Tank  
  79  5:43  Supply Depot, Liberator  
  79  5:44  Refinery, Marine  
  78  5:54  Liberator  
  78  5:56  SCV x3  
  73  5:57  Refinery  
  76  6:05  Barracks  
  76  6:08  Barracks  
  76  6:10  Bunker  
  76  6:12  SCV  
  76  6:14  Marine  
  81  6:19  Supply Depot  
  81  6:20  SCV x2  
  81  6:25  Siege Tank  
  86  6:30  Liberator  
  86  6:32  Marine  
  87  6:38  Liberator  
  87  6:42  SCV x2  
  87  6:47  Barracks  
  89  6:48  SCV, Barracks  
  89  6:50  Marine  
  91  6:54  SCV x2  
  91  6:57  Supply Depot, Siege Tank  
  91  6:58  Supply Depot  
  91  7:00  SCV  
  100  7:02  Marine  
  100  7:08  SCV x2, Marine  
  99  7:12  SCV  
  99  7:14  Supply Depot  
  99  7:15  Engineering Bay  
  100  7:17  Engineering Bay  
  100  7:20  SCV  
  100  7:21  Barracks Reactor x2  
  97  7:24  SCV x2  
  99  7:32  SCV, Combat Shields, Marine  
  99  7:35  Barracks Reactor x2  
  99  7:36  SCV, Factory, Refinery  
  102  7:37  SCV  
  103  7:44  SCV, Medivac x2  
  103  7:47  Supply Depot x2  
  103  7:49  Marine  
  103  7:50  Siege Tank  
  108  8:02  Barracks, Marine  
  108  8:03  Barracks  
  108  8:05  Barracks  
  109  8:06  Marine x2  
  109  8:12  Marine  
  112  8:13  Terran Infantry Weapons Level 1, Terran Infantry Armor Level 1  
  112  8:15  Marine  
  113  8:20  Marine x2  
  113  8:22  Marine x2, Siege Tank, Medivac  
  113  8:25  Marine  
  120  8:28  Medivac  
  120  8:29  Marine  
  120  8:34  Factory Tech Lab  
  124  8:36  Supply Depot  
  124  8:38  Marine x2  
  124  8:39  Marine x2  
  124  8:40  Marine  
  122  8:41  Command Center  
  122  8:46  Marine x2  
  124  8:51  Marine  
  124  8:52  Medivac  
  124  8:53  Siege Tank  
  130  8:57  Marine  
  130  8:58  Medivac  
  130  8:59  Siege Tank, Marine x2  
  136  9:08  Marine x2  
  125  9:10  Marine x2  
  125  9:11  Marine  
  125  9:15  Marine x2  
  130  9:17  Marine  
  130  9:21  Marine  
  130  9:23  Armory  
  133  9:25  Siege Tank  
  133  9:26  Medivac  
  133  9:27  Marine x2  
  133  9:28  Medivac  
  133  9:30  Supply Depot  
  133  9:31  Marine x3  
  142  9:32  Supply Depot  
  142  9:33  Marine  
  142  9:35  Marine  
  134  9:49  Marine  
  134  9:50  Siege Tank, Marine  
  129  9:53  Marine  
  129  9:56  Medivac  
  129  9:57  Marine  
  129  9:58  Marine, Medivac  
  129  9:59  Marine  
  136  10:04  Marine  
  136  10:05  Siege Tank, Marine  
  136  10:06  Marine x2  
  143  10:10  Marine  
  144  10:19  Marine  
  144  10:20  Marine x2  
  147  10:22  Siege Tank  
  147  10:25  Liberator x2  
  143  10:32  Marine  
  143  10:34  Marine x2  
  129  10:38  Marine x2  
  129  10:39  Marine  
  129  10:41  Siege Tank  
  124  10:44  Marine x6  
  124  10:47  Starport  
  131  10:50  Marine  
  131  10:52  Marine x2  
  131  10:56  Siege Tank, Marine x2  
  131  10:57  Marine  
  138  11:01  Marine  
  138  11:02  Marine  
  142  11:06  Marine  
  142  11:09  Marine, Liberator  
  142  11:10  Marine  
  145  11:11  Barracks Tech Lab, Liberator  
  145  11:12  Barracks Tech Lab x2, Marine  
  145  11:13  Siege Tank  
  145  11:14  Marine x2  
  145  11:16  Marine  
  151  11:19  Marine, Liberator  
  151  11:20  Marine  
  151  11:24  Marine  
  154  11:27  Marine  
  161  11:38  Marine x2  
  155  11:47  Marine x2  
  155  11:48  Marine  
  155  11:49  Marine x7  
  157  11:56  Marine x2  
  159  12:05  Marine x2  
Show
View Real Time Build Order
Export as new Build Order

HyuN Zerg - Winner!

Build Orders: Hatch First 

Get SALT Encoding   

  12  0:00  Drone  
  13  0:12  Overlord  
  13  0:17  Drone  
  14  0:30  Drone x2  
  14  0:34  Drone  
  17  0:50  Hatchery  
  17  0:54  Drone  
  17  0:57  Drone  
  18  1:08  Extractor  
  17  1:12  Spawning Pool  
  17  1:15  Drone  
  17  1:18  Drone  
  18  1:28  Drone  
  19  1:38  Overlord  
  19  1:58  Queen  
  19  1:59  Zergling x2  
  19  2:00  Zergling x2  
  23  2:02  Queen  
  23  2:03  Zergling x2  
  23  2:07  Metabolic Boost  
  26  2:11  Drone  
  26  2:13  Drone  
  28  2:22  Overlord  
  28  2:25  Drone  
  29  2:32  Drone  
  29  2:34  Queen  
  29  2:37  Drone  
  33  2:44  Drone  
  34  2:54  Hatchery, Zergling x2  
  34  2:55  Drone  
  34  2:58  Zergling x2  
  36  3:07  Drone x4  
  39  3:15  Zergling x6  
  39  3:17  Drone  
  43  3:21  Overlord  
  42  3:28  Drone  
  42  3:31  Overlord  
  43  3:42  Drone x2  
  43  3:47  Roach Warren, Drone  
  45  3:50  Drone x3  
  45  3:52  Overlord, Drone  
  45  3:54  Drone  
  50  3:58  Drone  
  51  4:03  Drone  
  51  4:04  Lair  
  51  4:07  Extractor x2  
  50  4:12  Drone x2  
  50  4:13  Drone  
  53  4:19  Drone x2  
  53  4:23  Drone x2  
  53  4:24  Drone x3  
  60  4:28  Roach  
  60  4:29  Roach  
  64  4:31  Roach  
  64  4:32  Roach  
  64  4:47  Drone  
  64  4:49  Drone  
  64  4:51  Roach x4  
  64  4:52  Overlord  
  73  4:53  Overlord  
  73  5:01  Overlord x2  
  72  5:12  Zergling x2  
  72  5:13  Zergling x14  
  81  5:28  Ravager x4  
  81  5:32  Drone x5  
  81  5:34  Drone x7  
  95  5:40  Evolution Chamber  
  95  5:41  Evolution Chamber  
  95  5:42  Extractor  
  92  5:43  Extractor  
  89  5:57  Drone  
  89  5:58  Drone x9  
  89  5:59  Extractor  
  89  6:02  Infestation Pit, Queen  
  89  6:03  Drone x2  
  101  6:05  Drone  
  101  6:07  Drone  
  103  6:12  Spore Crawler  
  103  6:16  Zerg Ground Armor Level 1, Zerg Melee Weapons Level 1  
  103  6:17  Spore Crawler  
  101  6:37  Spore Crawler  
  98  6:45  Drone  
  96  6:52  Drone x2  
  90  6:57  Drone x3  
  92  7:02  Infestor  
  92  7:03  Infestor x2  
  92  7:06  Hatchery, Queen  
  99  7:17  Drone x2  
  99  7:22  Hive  
  99  7:23  Drone x3  
  99  7:29  Ravager x4  
  102  7:46  Drone, Queen  
  102  7:49  Drone  
  106  7:56  Overlord x6  
  106  8:03  Baneling Nest  
  105  8:08  Overlord x3  
  102  8:20  Drone  
  102  8:21  Queen  
  98  8:39  Drone x6  
  99  8:41  Roach  
  99  8:42  Roach x3  
  99  8:43  Infestor x3  
  99  8:44  Zerg Ground Armor Level 2, Zerg Melee Weapons Level 2  
  99  8:46  Drone  
  99  8:47  Queen  
  99  8:48  Ultralisk Cavern  
  115  8:49  Drone x3  
  114  9:09  Drone x6  
  119  9:14  Drone  
  119  9:15  Drone x4  
  119  9:16  Zergling x6  
  127  9:18  Ravager x4  
  131  9:24  Ultralisk Cavern  
  131  9:27  Ultralisk Cavern  
  131  9:29  Extractor x2  
  131  9:30  Spore Crawler, Zergling x14  
  134  9:34  Chitinous Plating  
  134  9:37  Ultralisk x2  
  146  9:51  Zergling x16  
  146  9:52  Zergling x4  
  138  9:57  Ultralisk  
  138  9:59  Zergling x2  
  147  10:00  Zergling x16  
  153  10:08  Baneling x7  
  146  10:19  Ultralisk  
  146  10:20  Zergling x2  
  146  10:21  Zergling x10  
  134  10:35  Ultralisk  
  134  10:40  Zergling x14  
  134  10:41  Zergling x2  
  137  10:43  Zergling x2  
  137  10:44  Ultralisk  
  137  10:45  Zergling x10  
  137  10:48  Centrifical Hooks  
  145  11:01  Extractor  
  144  11:09  Baneling x5  
  144  11:12  Zergling x26  
  144  11:14  Hatchery  
  144  11:16  Burrow  
  156  11:19  Spore Crawler  
  154  11:38  Drone x2  
Tags
 
Add a new tag
Caveats
  • Supply blocks, unpowered buildings, or Contaminate may cause inaccurate times.
  • Supply counts are checked every 10 seconds.